TOP OF THE 1ST |
Montgomery Grey Sox batting - Pitching for Scottsdale Scorpions : RHP José Estrada
|
Pitching: RHP José Estrada
|
|
Batting: LHB Ron Young
|
0-0: Ball 1-0: Called Strike 1-1: Ball 2-1: Foul Ball, location: 2F 2-2: Strikes out swinging
|
Batting: RHB Marvin Kidd
|
0-0: Foul Ball, location: 2F 0-1: Foul Ball, location: 2F 0-2: Ball 1-2: Strikes out looking
|
Batting: LHB Marcos Féliz
|
0-0: Foul Ball, location: 2F 0-1: Ball 1-1: Foul Ball, location: 2F 1-2: Ball 2-2: Ground out 4-3 (Groundball, 4)
|
Top of the 1st over - 0 runs, 0 hits, 0 errors, 0 left on base; Montgomery 0 - Scottsdale 0 |
BOTTOM OF THE 1ST |
Scottsdale Scorpions batting - Pitching for Montgomery Grey Sox : LHP Pete Shirley
|
Pitching: LHP Pete Shirley
|
|
Batting: LHB Shawn Brown
|
0-0: Ball 1-0: Ball 2-0: Ball 3-0: Base on Balls
|
Batting: RHB José Martínez
|
0-0: Called Strike 0-1: Ball 1-1: Swinging Strike 1-2: SINGLE (Groundball, 6MD) Shawn Brown to second Runner from 2nd tries for 3rd, SAFE, no throw
|
Batting: RHB Steve Boyer
|
0-0: Ball 1-0: Swinging Strike 1-1: Foul Ball, location: 2F 1-2: Strikes out swinging
|
Batting: LHB Tony Ayala
|
0-0: Ball 1-0: Swinging Strike 1-1: Foul Ball, location: 2F 1-2: Strikes out swinging
|
Batting: LHB Ernesto Hernández
|
0-0: Ball 1-0: Fielders Choice at 2nd, 6-4 (Groundball, 6)
|
Bottom of the 1st over - 0 runs, 1 hit, 0 errors, 2 left on base; Montgomery 0 - Scottsdale 0 |
TOP OF THE 2ND |
Montgomery Grey Sox batting - Pitching for Scottsdale Scorpions : RHP José Estrada
|
Batting: RHB Pedro Castro
|
0-0: Called Strike 0-1: Swinging Strike 0-2: Ball 1-2: Strikes out swinging
|
Batting: RHB Andrew Lewis
|
0-0: Ground out 4-3 (Groundball, 4)
|
Batting: LHB José Parra
|
0-0: Foul Ball, location: 2F 0-1: Fly out, F8 (Line Drive, 8LM)
|
Top of the 2nd over - 0 runs, 0 hits, 0 errors, 0 left on base; Montgomery 0 - Scottsdale 0 |
BOTTOM OF THE 2ND |
Scottsdale Scorpions batting - Pitching for Montgomery Grey Sox : LHP Pete Shirley
|
Batting: RHB Miguel Ramos
|
0-0: Called Strike 0-1: Ground out 6-3 (Groundball, 6)
|
Batting: RHB Rob Johnston
|
0-0: Ground out 4-3 (Groundball, 4)
|
Batting: RHB Dean Oglethorpe
|
0-0: Called Strike 0-1: Ball 1-1: SINGLE (Line Drive, 78S)
|
Batting: RHB Jeff McQueen
|
0-0: Called Strike 0-1: Ball 1-1: Foul Ball, location: 2F 1-2: Ball 2-2: Strikes out looking
|
Bottom of the 2nd over - 0 runs, 1 hit, 0 errors, 1 left on base; Montgomery 0 - Scottsdale 0 |
TOP OF THE 3RD |
Montgomery Grey Sox batting - Pitching for Scottsdale Scorpions : RHP José Estrada
|
Batting: RHB António Nevárez
|
0-0: Called Strike 0-1: Called Strike 0-2: Ball 1-2: Foul Ball, location: 2F 1-2: Ball 2-2: Foul Ball, location: 2F 2-2: Ball 3-2: Base on Balls
|
Batting: RHB Julius Farmer
|
0-0: Ball 1-0: Foul Ball, location: 2F 1-1: Fly out, F9 (Flyball, 9)
|
Batting: RHB Norman Hopkins
|
0-0: Fielders Choice at 2nd, 6-4 (Groundball, 6)
|
Batting: LHB Ron Young
|
0-0: Foul Ball, location: 2F 0-1: Called Strike Norman Hopkins steals 2nd base 0-2: Ball 1-2: Foul Ball, location: 2F 1-2: Fly out, F8 (Flyball, 8RM)
|
Top of the 3rd over - 0 runs, 0 hits, 0 errors, 1 left on base; Montgomery 0 - Scottsdale 0 |
BOTTOM OF THE 3RD |
Scottsdale Scorpions batting - Pitching for Montgomery Grey Sox : LHP Pete Shirley
|
Batting: LHB Shawn Brown
|
0-0: Ball 1-0: Ball 2-0: Ball 3-0: Called Strike 3-1: Swinging Strike 3-2: SINGLE (Groundball, 34S) (infield hit)
|
Batting: RHB José Martínez
|
0-0: Ball 1-0: Called Strike 1-1: Foul Ball, location: 2F 1-2: Strikes out swinging
|
Batting: RHB Steve Boyer
|
0-0: Called Strike 0-1: Fielders Choice at 2nd, 6-4 (Groundball, 56)
|
Batting: LHB Tony Ayala
|
0-0: Ground out 1-3 (Groundball, 13)
|
Bottom of the 3rd over - 0 runs, 1 hit, 0 errors, 1 left on base; Montgomery 0 - Scottsdale 0 |
TOP OF THE 4TH |
Montgomery Grey Sox batting - Pitching for Scottsdale Scorpions : RHP José Estrada
|
Batting: RHB Marvin Kidd
|
0-0: Called Strike 0-1: Ball 1-1: Ball 2-1: Ball 3-1: Foul Ball, location: 2F 3-2: Ground out 6-3 (Groundball, 6MS)
|
Batting: LHB Marcos Féliz
|
0-0: Fly out, F8 (Flyball, 8LM)
|
Batting: RHB Pedro Castro
|
0-0: Ball 1-0: Swinging Strike 1-1: Ball 2-1: Called Strike 2-2: Ball 3-2: Foul Ball, location: 2F 3-2: Strikes out swinging
|
Top of the 4th over - 0 runs, 0 hits, 0 errors, 0 left on base; Montgomery 0 - Scottsdale 0 |
BOTTOM OF THE 4TH |
Scottsdale Scorpions batting - Pitching for Montgomery Grey Sox : LHP Pete Shirley
|
Batting: LHB Ernesto Hernández
|
0-0: SINGLE (Groundball, 34D)
|
Batting: RHB Miguel Ramos
|
0-0: Called Strike 0-1: Ball 1-1: Ball 2-1: Ball 3-1: Called Strike 3-2: Foul Ball, location: 2F 3-2: Grounds into double play, 4-6-3 (Groundball, 34)
|
Batting: RHB Rob Johnston
|
0-0: Called Strike 0-1: Foul Ball, location: 2F 0-2: Ball 1-2: Ground out 4-3 (Groundball, 4)
|
Bottom of the 4th over - 0 runs, 1 hit, 0 errors, 0 left on base; Montgomery 0 - Scottsdale 0 |
TOP OF THE 5TH |
Montgomery Grey Sox batting - Pitching for Scottsdale Scorpions : RHP José Estrada
|
Batting: RHB Andrew Lewis
|
0-0: Ball 1-0: Ball 2-0: Foul Ball, location: 2F 2-1: Ball 3-1: Ground out 5-3 (Groundball, 56)
|
Batting: LHB José Parra
|
0-0: Swinging Strike 0-1: Called Strike 0-2: Foul Ball, location: 2F 0-2: Strikes out looking
|
Batting: RHB António Nevárez
|
0-0: Ball 1-0: Ball 2-0: Called Strike 2-1: Called Strike 2-2: Foul Ball, location: 2F 2-2: Fly out, F3 (Popup, 3SF)
|
Top of the 5th over - 0 runs, 0 hits, 0 errors, 0 left on base; Montgomery 0 - Scottsdale 0 |
BOTTOM OF THE 5TH |
Scottsdale Scorpions batting - Pitching for Montgomery Grey Sox : LHP Pete Shirley
|
Batting: RHB Dean Oglethorpe
|
0-0: Ball 1-0: Called Strike 1-1: Ball 2-1: Foul Ball, location: 2F 2-2: Ball 3-2: Strikes out swinging
|
Batting: RHB Jeff McQueen
|
0-0: Ball 1-0: Called Strike 1-1: Ball 2-1: Ball 3-1: Base on Balls
|
Batting: LHB Shawn Brown
|
0-0: Ball 1-0: Ball 2-0: Ball 3-0: Base on Balls Jeff McQueen to second
|
Batting: RHB José Martínez
|
0-0: Foul Ball, location: 2F 0-1: Ball 1-1: Fly out, F7 (Flyball, 78S)
|
Batting: RHB Steve Boyer
|
0-0: Foul Ball, location: 2F 0-1: Called Strike 0-2: Strikes out swinging
|
Bottom of the 5th over - 0 runs, 0 hits, 0 errors, 2 left on base; Montgomery 0 - Scottsdale 0 |
TOP OF THE 6TH |
Montgomery Grey Sox batting - Pitching for Scottsdale Scorpions : RHP José Estrada
|
Batting: RHB Julius Farmer
|
0-0: Called Strike 0-1: Ball 1-1: Ball 2-1: SINGLE (Groundball, 34D)
|
Batting: RHB Norman Hopkins
|
0-0: Ball 1-0: Ball 2-0: Ball 3-0: Called Strike 3-1: Base on Balls Julius Farmer to second
|
Batting: LHB Ron Young
|
0-0: Ball 1-0: Ball 2-0: Called Strike 2-1: SINGLE (Groundball, 4MD) Julius Farmer to third Norman Hopkins to second Runner from 3rd tries for Home, SAFE, throw made at trailing runner, SAFE at third!
|
Batting: RHB Marvin Kidd
|
0-0: Foul Ball, location: 2F 0-1: Ball 1-1: Ball 2-1: Ground out 6-3 (Groundball, 6) Ron Young to second
|
Batting: LHB Marcos Féliz
|
0-0: Intentional Walk
|
Pitching: RHP José Amaya
|
|
Batting: RHB Pedro Castro
|
0-0: Called Strike 0-1: Ball 1-1: Ball 2-1: Foul Ball, location: 2F 2-2: Strikes out looking
|
Batting: RHB Andrew Lewis
|
0-0: Ball 1-0: Called Strike 1-1: Ball 2-1: Ball 3-1: Foul Ball, location: 2F 3-2: SINGLE (Groundball, 6MD) Norman Hopkins scores Ron Young to third Marcos Féliz to second Ron Young scores Marcos Féliz to third
|
Batting: LHB José Parra
|
0-0: Ball 1-0: Ball 2-0: Ball 3-0: Called Strike 3-1: Base on Balls Andrew Lewis to second
|
Batting: RHB António Nevárez
|
0-0: Called Strike 0-1: Fly out, F3 (Popup, 34S)
|
Top of the 6th over - 3 runs, 3 hits, 0 errors, 3 left on base; Montgomery 3 - Scottsdale 0 |
BOTTOM OF THE 6TH |
Scottsdale Scorpions batting - Pitching for Montgomery Grey Sox : LHP Pete Shirley
|
Batting: LHB Tony Ayala
|
0-0: Called Strike 0-1: Foul Ball, location: 2F 0-2: Ball 1-2: Strikes out looking
|
Batting: LHB Ernesto Hernández
|
0-0: Ball 1-0: Swinging Strike 1-1: DOUBLE (Line Drive, 89D)
|
Batting: RHB Miguel Ramos
|
0-0: Ball 1-0: Foul Ball, location: 2F 1-1: Ball 2-1: Foul Ball, location: 2F 2-2: Ground out 1-3 (Groundball, P) Ernesto Hernández to third
|
Batting: RHB Rob Johnston
|
0-0: Called Strike 0-1: Ball 1-1: Called Strike 1-2: Ball 2-2: Foul Ball, location: 2F 2-2: Strikes out swinging
|
Bottom of the 6th over - 0 runs, 1 hit, 0 errors, 1 left on base; Montgomery 3 - Scottsdale 0 |
TOP OF THE 7TH |
Montgomery Grey Sox batting - Pitching for Scottsdale Scorpions : RHP José Amaya
|
Batting: RHB Julius Farmer
|
0-0: Foul Ball, location: 2F 0-1: Ball 1-1: Ground out 4-3 (Groundball, 4)
|
Batting: RHB Norman Hopkins
|
0-0: Called Strike 0-1: Ball 1-1: Swinging Strike 1-2: Ball 2-2: Ball 3-2: Strikes out swinging
|
Batting: LHB Ron Young
|
0-0: Ball 1-0: Called Strike 1-1: Ground out 6-3 (Groundball, 6)
|
Top of the 7th over - 0 runs, 0 hits, 0 errors, 0 left on base; Montgomery 3 - Scottsdale 0 |
BOTTOM OF THE 7TH |
Scottsdale Scorpions batting - Pitching for Montgomery Grey Sox : LHP Pete Shirley
|
Batting: RHB Dean Oglethorpe
|
0-0: Called Strike 0-1: Foul Ball, location: 2F 0-2: Ball 1-2: Ball 2-2: Foul Ball, location: 2F 2-2: Foul Ball, location: 2F 2-2: Strikes out swinging
|
Batting: RHB Jeff McQueen
|
0-0: Called Strike 0-1: Foul Ball, location: 2F 0-2: Strikes out swinging
|
Batting: LHB Shawn Brown
|
0-0: Ball 1-0: Foul Ball, location: 2F 1-1: Called Strike 1-2: Foul Ball, location: 2F 1-2: Foul Ball, location: 2F 1-2: Foul Ball, location: 2F 1-2: Foul Ball, location: 2F 1-2: SINGLE (Flyball, 8LS)
|
Batting: RHB José Martínez
|
0-0: Swinging Strike 0-1: Ball 1-1: Foul Ball, location: 2F 1-2: Ball 2-2: Foul Ball, location: 2F 2-2: Fly out, F9 (Flyball, 9D)
|
Bottom of the 7th over - 0 runs, 1 hit, 0 errors, 1 left on base; Montgomery 3 - Scottsdale 0 |
TOP OF THE 8TH |
Montgomery Grey Sox batting - Pitching for Scottsdale Scorpions : RHP José Amaya
|
Batting: RHB Marvin Kidd
|
0-0: Called Strike 0-1: Swinging Strike 0-2: Ball 1-2: SINGLE (Line Drive, 4D)
|
Batting: LHB Marcos Féliz
|
0-0: Ball Wild Pitch! Marvin Kidd to second 1-0: Intentional Walk
|
Batting: RHB Pedro Castro
|
0-0: Called Strike 0-1: Ball 1-1: Swinging Strike Balk! Marvin Kidd to third Marcos Féliz to second 1-2: Ball 2-2: Strikes out swinging
|
Batting: RHB Andrew Lewis
|
0-0: Intentional Walk
|
Batting: LHB José Parra
|
0-0: Ball Wild Pitch! Marvin Kidd scores Marcos Féliz to third Andrew Lewis to second 1-0: Intentional Walk
|
Batting: RHB António Nevárez
|
0-0: Ball 1-0: Foul Ball, location: 2F 1-1: Called Strike 1-2: Fly out, F9 (Flyball, 9S)
|
Batting: RHB Julius Farmer
|
0-0: Ball 1-0: Ball 2-0: Foul Ball, location: 2F 2-1: Swinging Strike 2-2: Strikes out swinging
|
Top of the 8th over - 1 run, 1 hit, 0 errors, 3 left on base; Montgomery 4 - Scottsdale 0 |
BOTTOM OF THE 8TH |
Scottsdale Scorpions batting - Pitching for Montgomery Grey Sox : LHP Pete Shirley
|
Pitching: RHP Jorge Cherena
|
|
Batting: RHB Steve Boyer
|
0-0: Ball 1-0: Called Strike 1-1: Foul Ball, location: 2F 1-2: Strikes out swinging
|
Batting: LHB Tony Ayala
|
0-0: Ball 1-0: Called Strike 1-1: Foul Ball, location: 2F 1-2: Foul Ball, location: 2F 1-2: Ground out 6-3 (Groundball, 6)
|
Batting: LHB Ernesto Hernández
|
0-0: Foul Ball, location: 2F 0-1: Called Strike 0-2: Fly out, F7 (Line Drive, 7)
|
Bottom of the 8th over - 0 runs, 0 hits, 0 errors, 0 left on base; Montgomery 4 - Scottsdale 0 |
TOP OF THE 9TH |
Montgomery Grey Sox batting - Pitching for Scottsdale Scorpions : RHP José Amaya
|
Batting: RHB Norman Hopkins
|
0-0: Called Strike 0-1: Fly out, F4 (Popup, 23)
|
Batting: LHB Ron Young
|
0-0: Foul Ball, location: 2F 0-1: Swinging Strike 0-2: Foul Ball, location: 2F 0-2: Foul Ball, location: 2F 0-2: Ball 1-2: Ball 2-2: Foul Ball, location: 2F 2-2: Ball 3-2: Fly out, F9 (Flyball, 9)
|
Pitching: RHP Rick Díaz
|
|
Batting: RHB Marvin Kidd
|
0-0: Foul Ball, location: 2F 0-1: Fly out, F7 (Line Drive, 7)
|
Top of the 9th over - 0 runs, 0 hits, 0 errors, 0 left on base; Montgomery 4 - Scottsdale 0 |
BOTTOM OF THE 9TH |
Scottsdale Scorpions batting - Pitching for Montgomery Grey Sox : RHP Jorge Cherena
|
Batting: RHB Miguel Ramos
|
0-0: Ball 1-0: Swinging Strike 1-1: Foul Ball, location: 2F 1-2: Foul Ball, location: 2F 1-2: Strikes out swinging
|
Batting: RHB Rob Johnston
|
0-0: Called Strike 0-1: Foul Ball, location: 2F 0-2: Ball 1-2: Ground out 5-3 (Groundball, 56)
|
Batting: RHB Dean Oglethorpe
|
0-0: Called Strike 0-1: Swinging Strike 0-2: Ball 1-2: Ball 2-2: Strikes out swinging
|
Bottom of the 9th over - 0 runs, 0 hits, 0 errors, 0 left on base; Montgomery 4 - Scottsdale 0 |
|